 Dungeon Crawl Stone Soup version 0.30-a0-339-g89bb51ec76 (webtiles) character file.

Game seed: 240682279763172629

296 meatgazer the Trooper (level 6, 0/50 HPs)
             Began as a Demonspawn Berserker on Oct 31, 2022.
             Was a Believer of Trog.
             Slain by a phantom (2 damage)
             ... on level 4 of the Dungeon.
             The game lasted 00:07:16 (4576 turns).

meatgazer the Trooper (Demonspawn Berserker)        Turns: 4576, Time: 00:07:16

Health: 0/50       AC:  2    Str: 20      XL:     6   Next: 12%
Magic:  6/6        EV: 12    Int:  6 (8)  God:    Trog [**....]
Gold:   182        SH:  0    Dex: 10 (12) Spells: 5/5 levels left

rFire   . . .      SeeInvis .    a - +0 mace
rCold   . . .      Faith    .    (no shield)
rNeg    . . .      Spirit   .    b - +0 animal skin
rPois   .          Reflect  .    (no helmet)
rElec   .          Harm     .    (no cloak)
rCorr   .          Rampage  .    (no gloves)
Will    .....                    (no boots)
Stlth   +.........               (no amulet)
HPRegen 0.28/turn                (no ring)
MPRegen 0.10/turn                (no ring)

@: no status effects
A: foul stench 1, sturdy frame 1, weakness stinger 1
a: Renounce Religion, Berserk, Trog's Hand


You were on level 4 of the Dungeon.
You worshipped Trog.
Trog was pleased with you.
You visited 1 branch of the dungeon, and saw 4 of its levels.

You collected 182 gold pieces.

Inventory:

Hand Weapons
 a - a +0 mace (weapon)
Armour
 b - a +0 animal skin (worn)
Jewellery
 i - a ring of fire
Scrolls
 d - 2 scrolls of identify
 h - 2 scrolls of teleportation
Potions
 c - 2 potions of curing
 e - 2 potions of lignification
 f - a potion of mutation {unknown}
 g - a potion of resistance


   Skills:
 + Level 4.9 Fighting
 + Level 4.6 Maces & Flails
 - Level 2.2 Armour
 - Level 2.3 Dodging


You had 5 spell levels left.
You didn't know any spells.
Your spell library was empty.

Dungeon Overview and Level Annotations

Branches:
Dungeon (4/15)
 Temple: D:4-7

Altars:

Shops:
D:2 :*


Innate Abilities, Weirdness & Mutations

You may rarely emit foul miasma when damaged in melee.
Your movements are slightly less encumbered by armour. (ER -2)
You have a small tail.


Message History

You barely miss the phantom. The phantom hits you.
You emit a cloud of foul miasma!
The phantom blinks!
You blink.
The phantom barely misses you.
You sock the phantom!
The phantom is heavily damaged.
The phantom misses you.
You hit the phantom. You tail-slap the phantom.
The phantom is severely damaged.
The phantom hits you.
The phantom blinks!
You blink.
You miss the phantom.
The phantom is severely damaged.
The phantom hits you.
The phantom blinks!
You blink.
You barely miss the phantom.
The phantom is severely damaged.
The phantom misses you.
You barely miss the phantom.
The phantom is severely damaged.
The phantom hits you.
* * * LOW HITPOINT WARNING * * *
You barely miss the phantom.
The phantom is severely damaged.
The phantom hits you.
* * * LOW HITPOINT WARNING * * *
The phantom blinks!
You blink.
The phantom hits you but does no damage.
You completely miss the phantom.
Your tail-slap misses the phantom.
The phantom is severely damaged.
The phantom closely misses you.
You closely miss the phantom.
The phantom is severely damaged.
The phantom hits you.
* * * LOW HITPOINT WARNING * * *
You barely miss the phantom.
The phantom is severely damaged.
The phantom hits you.
* * * LOW HITPOINT WARNING * * *
You sock the phantom!
The phantom is almost destroyed.
The phantom hits you.
You die...

.##..########..##
#..###..###..##
#.............# #.
#.............#
#..+........§..>.#
#.#######..###..##
#.##.####..###..##
#.... #..........#
#... #W@........#
#..# ###..###..##
#..######..###..#
#......#....+ ..# .
#......'....# ..
...## #..###.##).##
##
......##..###'##†.##
...............)...#
..........g........#


You could see a phantom.

Vanquished Creatures
  A jelly (D:4)
  2 hounds (D:4)
  An iguana (D:4)
  5 gnolls
  6 adders
  2 worms (D:2)
  2 dart slugs (D:1)
  An orc (D:3)
  2 ball pythons (D:2)
  3 bats
  5 endoplasms
  A giant cockroach (D:3)
  5 goblins
  5 hobgoblins
  3 jackals (D:1)
  5 kobolds
  3 quokkas
  2 frilled lizards
  6 rats (D:2)
60 creatures vanquished.

Notes
Turn   | Place    | Note
-------+----------+-------------------------------------------
     0 | D:1      | meatgazer the Demonspawn Berserker began the quest for the
                  | Orb.
     0 | D:1      | Reached XP level 1. HP: 18/18 MP: 1/1
   222 | D:1      | Gained mutation: You have a small tail. [demonic ancestry]
   222 | D:1      | Reached XP level 2. HP: 20/24 MP: 2/2
   999 | D:1      | Reached XP level 3. HP: 19/29 MP: 3/3
  1383 | D:2      | Reached ** piety under Trog
  1388 | D:2      | Gained mutation: You may rarely emit foul miasma when
                  | damaged in melee. [demonic ancestry]
  1388 | D:2      | Reached XP level 4. HP: 36/36 MP: 4/4
  2186 | D:2      | Found Agaedaot's General Store.
  2214 | D:2      | Found Unuh's Book Boutique.
  2322 | D:2      | Found a faded altar of an unknown god.
  3409 | D:3      | Gained mutation: Your movements are slightly less
                  | encumbered by armour. (ER -2) [demonic ancestry]
  3409 | D:3      | Reached XP level 5. HP: 35/42 MP: 5/5
  4530 | D:4      | Reached XP level 6. HP: 46/50 MP: 6/6
  4575 | D:4      | HP: 2/50 [phantom (3)]
  4576 | D:4      | Slain by a phantom

Illustrated notes

Levels and vault maps discovered:
D:1:      psy_arrival_spokes, layout_loops_cross
D:2:      layout_loops_cross, serial_shops, nicolae_square_shop,
          nicolae_shop_hallway_plus, ebering_ecumenical_altar_box,
          patterned_corridor
D:3:      layout_basic
D:4:      layout_gridville, okawaru_metal_pillars_1_2, marbit_many_paths,
          moated_statue, lightli_corner_chamber

Skill      XL: |  1  2  3  4  5 |
---------------+----------------+-----
Maces & Flails | 3 4 |  4.6
Armour         | 2 |  2.2
Dodging        | 2 |  2.3
Fighting       | 4 |  4.9

Action                   |  1- 3 |  4- 6 || total
-------------------------+-------+-------++-------
Melee: Mace              |    92 |   130 ||   222
       Tailslap          |     8 |     8 ||    16
       Punch             |     1 |     1 ||     2
Invok: Berserk           |     2 |     1 ||     3
  Use: Scroll            |       |     7 ||     7
       Potion            |       |     6 ||     6
 Stab: Sleeping          |       |     3 ||     3
Armor: Animal skin       |    14 |    25 ||    39
Dodge: Dodged            |    75 |    70 ||   145

Table legend: (Time is in decaauts)
 A = Elapsed time spent in this place.
 B = Non-inter-level travel time spent in this place.
 C = Inter-level travel time spent in this place.
 D = Time resting spent in this place.
 E = Time spent auto-exploring this place.
 F = Levels seen in this place.
 G = Mean time per level.
                   A        B        C        D        E       F      G
               +--------+--------+--------+--------+--------+-----+--------+
         Total |   4648 |   4612 |     36 |   1905 |   2182 |   4 | 1162.0 |
       Dungeon |   4648 |   4612 |     36 |   1905 |   2182 |   4 | 1162.0 |
               +--------+--------+--------+--------+--------+-----+--------+

Top non-repeatable levels by time:
     D:2: 1656 daAuts
     D:3: 1583 daAuts
     D:1: 1086 daAuts
     D:4: 323 daAuts
